[Event "FTX Crypto Cup MCCT 2022"]
[Site "Miami"]
[Date "2022.08.11"]
[Round "7.5"]
[White "Carlsen, Magnus"]
[Black "Praggnanandhaa R"]
[Result "0-1"]
[ECO "B30"]
[WhiteElo "2864"]
[BlackElo "2648"]
[Annotator "TA"]
[PlyCount "126"]
[EventDate "2022.08.10"]
[EventType "tourn"]
[EventCountry "USA"]
[SourceTitle "playchess.com"]
[Source "ChessBase"]
[SourceQuality "1"]
[TimeControl "300+3"]

1. e4 c5 2. Nc3 Nc6 3. Bb5 Nd4 4. Nf3 e6 5. O-O a6 6. Bd3 Nc6 7. Be2 Nd4 8. Bd3 Nc6 {[%emt 0:00:00] B30: Sicilian: 2...Nc6 3 Bb5, lines without ...g6.} 9. b3 d6 10. Bb2 Nf6 {[%emt 0:00:02][%cal Bg8f6,Bf6d7,Bd7e5,Be5f3][%mdl 32] The position is equal.} 11. Re1 g6 $5 {[%emt 0:00:01][%mdl 4] 11...Ne5 is a critical line. Leaves trodden paths.} 12. e5 Nxe5 13. Nxe5 dxe5 14. Rxe5 Bg7 15. Rxc5 Nd7 $1 16. Rc4 Ne5 {[%emt 0:00:13][%csl LRc4,LRd3] [#]} 17. Ne2 $146 {[%emt 0:00:08] [#]} ({Predecessor:} 17. Re4 Nxd3 18. cxd3 O-O 19. Na4 Qxd3 20. Bxg7 Kxg7 21. Re3 Qd6 22. Qc2 Rd8 23. Qc3+ Kg8 24. Nb2 Bd7 25. Nc4 {½-½ (41) Samsonkin,A (2428)-Liang,J (2443) Ottawa 2022}) 17... Nf3+ $1 18. gxf3 Bxb2 19. Rb1 Bg7 {[%emt 0:00:03][%mdl 1024] Black has compensation.} 20. a4 O-O 21. Re4 Bd7 22. Re3 e5 23. Be4 Rb8 (23... Bc8 $5 ) 24. c4 Qh4 25. Bd5 Kh8 26. Qe1 f5 27. Kh1 (27. Rd3 $15) 27... b6 (27... f4 $17 28. Rd3 Rf5) 28. Nc3 $15 Rbe8 29. Qg1 Bh6 30. b4 Bxe3 31. fxe3 f4 32. exf4 Qxf4 {[%emt 0:00:09] ...Be6 is the strong threat.} 33. Qxb6 {[%emt 0:00:06][%mdl 8192] This move loses the game for White.} (33. Qe3 $17) 33... Qxd2 $19 34. Ne4 Qd3 {[%emt 0:00:03] Really sharp!} 35. Re1 Qxf3+ 36. Kg1 Qg4+ ({Don't blunder} 36... Rb8 $2 37. Qc7 Qg4+ 38. Kh1 $19) 37. Ng3 (37. Kh1 {might work better.} Qf3+ 38. Kg1) 37... Bxa4 38. Qxa6 Qd4+ ({But not} 38... Qf4 $2 39. Kh1 Qd2 40. Rf1 Rxf1+ 41. Nxf1 $19) 39. Kh1 Bb3 40. Re4 (40. Qa1 $142 Bxc4 41. Bxc4 Qxc4 42. Rxe5) 40... Qd1+ 41. Kg2 Bc2 42. Re2 Bd3 43. Qa2 Bxe2 44. Qxe2 Qd4 45. b5 Rd8 46. Kh3 Rxd5 47. cxd5 Qxd5 {[%emt 0:00:01] KQR-KQN} 48. Ne4 Rf4 49. Ng3 h5 50. Qc2 Kg7 51. b6 Rf7 52. Qb2 Rb7 53. Qc3 Qe6+ 54. Kg2 Qxb6 {[%emt 0:00:06] [#] ( -> ...Qd4)} 55. Qxe5+ Qf6 56. Qd5 Re7 (56... Rb2+ $142 57. Kh1 Kh6 58. Qe4 Qf2 59. Nf5+ Qxf5 60. Qxf5 gxf5 61. Kg1 f4 62. h4 Kg6 63. Kh1 Kf5 64. Kg1 f3 65. Kf1 Re2 66. Kg1 Kf4 67. Kh1 Kg3 68. Kg1 Re1#) 57. Qc5 h4 58. Nf1 Qe5 (58... Re2+ $142 59. Kg1 h3 60. Qc7+ Kh6 61. Qg3 Qd4+ 62. Ne3 Rxe3 63. Qxh3+ Rxh3+ 64. Kh1 Qd2 65. Kg1 Rxh2 66. Kf1 Rh1#) 59. Qf2 Qe4+ {[%emt 0:00:03] Black mates.} 60. Kg1 Qg4+ 61. Kh1 Re2 62. Qa7+ Kh6 63. Qa8 Qe4+ {[%emt 0:00:03] Weighted Error Value: White=0.55/Black=0.05 (flawless)} (63... Qd4 $142 64. Qf3 Rf2 65. Qe3+ Qxe3 66. Nxe3 Kg5 67. Kg1 Re2 68. Nc4 h3 69. Kf1 Rxh2 70. Ke1 Ra2 71. Nd2 Kf4 72. Nf1 h2 73. Nxh2 Rxh2 74. Kd1 Ke3 75. Kc1 Kd3 76. Kb1 Kc3 77. Ka1 Kb3 78. Kb1 Rh1#) 0-1

[Event "FTX Crypto Cup MCCT 2022"]
[Site "Miami"]
[Date "2022.08.11"]
[Round "7.6"]
[White "Praggnanandhaa R"]
[Black "Carlsen, Magnus"]
[Result "1-0"]
[ECO "B06"]
[WhiteElo "2648"]
[BlackElo "2864"]
[Annotator "TA"]
[PlyCount "103"]
[EventDate "2022.08.10"]
[EventType "tourn"]
[EventCountry "USA"]
[SourceTitle "playchess.com"]
[Source "ChessBase"]
[SourceQuality "1"]
[TimeControl "300+3"]

1. d4 g6 2. e4 Bg7 3. Nf3 d6 4. Bc4 Nf6 5. Qe2 Nc6 6. h3 e5 {[%emt 0:00:12] B06: Modern Defence.} 7. dxe5 Nxe5 8. Nxe5 dxe5 {[%emt 0:00:00] White is slightly better.} 9. O-O O-O (9... Nh5 {keeps more tension.} 10. Qf3 O-O 11. Rd1 Qh4) 10. Rd1 Qe7 11. b3 Rd8 12. Rxd8+ Qxd8 {[%emt 0:00:02] [#]} 13. Nc3 $146 ({Predecessor:} 13. Bb2 Nh5 14. Nc3 c6 15. Qf3 Nf4 16. Ne2 Ne6 17. Ng3 b5 18. Rd1 Qc7 19. Bf1 {0-1 (42) Hegedus,P (1822)-Molnar,L (2057) Budapest 2015}) 13... c6 14. a4 {[%emt 0:00:05] Inhibits b5.} Qe8 15. Be3 Be6 16. Rd1 Bf8 17. Bxe6 Qxe6 18. Rd3 a6 19. Qd1 Bb4 20. f3 Qe7 21. Kh2 b5 (21... Bxc3 $11 22. Rxc3 Rd8) 22. Na2 $14 Bc5 23. Bxc5 Qxc5 24. axb5 (24. Qd2 $14) 24... axb5 $11 25. Rd8+ Rxd8 26. Qxd8+ {[%emt 0:00:00][%mdl 4096] Endgame KQN-KQN} Kg7 27. Qd2 Nh5 28. Nb4 Nf4 29. c3 h5 30. h4 Ne6 31. Nd3 Qd6 32. Qe3 c5 33. Nf2 Nf4 34. g3 Ne6 35. Qd3 Qb6 {[%emt 0:00:10][%cal Oc5c4] Threatens to win with ...c4!} 36. Kg2 Qa5 37. c4 {[%emt 0:00:06] [#]} (37. Qc2 $11 {remains equal.}) 37... b4 $1 $17 {[%emt 0:00:05] Hoping for ...Qa3.} 38. Qd5 (38. Qb1 $17 {is the only way for White.}) 38... Qa1 $19 39. Nd3 Qa2+ 40. Kh3 $2 (40. Nf2 Qxb3 41. Qxe5+ Kh7 42. Qd5) 40... Qxb3 41. Nxe5 Qb1 42. Kh2 {[%emt 0:00:03] Inhibits Qh1+.} Qb2+ 43. Kh3 b3 (43... Qc1 $142 44. Kg2 b3 45. Nxf7 Qc2+ 46. Kh3 Kxf7) 44. Nd3 Qc3 45. f4 b2 46. Nxb2 Qxb2 (46... Nxf4+ $142 47. Kh2 Qxb2+ 48. Qd2 Qxd2+ 49. Kh1 Qg2#) 47. f5 {[%emt 0:00:01] [#]} Qa1 $1 48. Kg2 gxf5 (48... Qa2+ $142 49. Kg1 Qb1+ 50. Kh2 Qc2+ 51. Kh1 gxf5 52. exf5 Qc1+ 53. Kg2 Nd4 54. Qe5+ Kh7) 49. exf5 Qb2+ (49... Nd4 50. f6+ Kxf6 51. Qg5+ Ke6 52. Qd5+ Ke7 53. Qxc5+ Kd7 54. Qd5+ Kc8 55. Qxf7 $15) 50. Kh3 Qc1 $2 51. fxe6 $11 {[%emt 0:00:02] Black must now prevent Qe5+.} fxe6 $2 (51... Qf1+ $11 {and Black is okay.} 52. Kh2 Qe2+ 53. Kh3 Qf1+ 54. Kh2 Qe2+ 55. Kh3 Qf1+) 52. Qe5+ {[%emt 0:00:05] What a bad dream for Black.  Weighted Error Value: White=0.92/Black=0.69} ({Inferior is} 52. Qxh5 Qh1+ 53. Kg4 Qd1+ 54. Kg5 Qc1+ 55. Kg4 Qxc4+ 56. Kh3 Qf1+ 57. Kh2 Qf2+ 58. Kh3 Qf5+ 59. Qxf5 exf5 $11) 1-0